 Dungeon Crawl Stone Soup version 0.13-a0-2505-g5f0fbe2 (webtiles) character file.

583 JacquesDerrida the Stinger (level 6, -1/36 HPs)
             Began as an Octopode Venom Mage on July 23, 2013.
             Killed from afar by Juliette's ghost (5 damage)
             ... with a rocky blast
             ... while paralysed by it
             ... on Level 3 of the Dungeon.
             The game lasted 00:11:51 (3310 turns).

JacquesDerrida the Stinger (Octopode Venom Mage)    Turns: 3310, Time: 00:11:52

HP  -1/36        AC  1     Str  7      XL: 6   Next: 60%
MP  10/14        EV  2     Int 19      God:
Gold 234         SH  0     Dex 13      Spells:  3 memorised,  5 levels left

Res.Fire  : . . .   See Invis. : .   s - +1,+0 dagger (speed)
Res.Cold  : . . .   Warding    : .   (no shield)
Life Prot.: . . .   Conserve   : .   (helmet restricted)
Res.Poison: .       Res.Corr.  : .   (no amulet)
Res.Elec. : .       Clarity    : .   (no ring)
Sust.Abil.: . .     Spirit.Shd : .   (no ring)
Res.Mut.  : .       Stasis     : .   (no ring)
Res.Rott. : .       Flight     : .   (no ring)
Saprovore : . . .                    (no ring)
                                     (no ring)
                                     (no ring)
                                     (no ring)

@: paralysed, slightly resistant to hostile enchantments, quite stealthy
A: almost no armour, amphibious, 8 rings, constrict 8, camouflage 1, AC +1
a: no special abilities


You were on level 3 of the Dungeon.
You were not hungry.

You visited 1 branch of the dungeon, and saw 4 of its levels.

You collected 214 gold pieces.

Inventory:

Hand weapons
 s - a +1,+0 dagger of speed (weapon)
Missiles
 d - 2 darts of dispersal (quivered)
Armour
 a - a +0 winged helmet of see invisible
Comestibles
 c - 3 bread rations
 g - 2 meat rations
 m - a rotting chunk of adder flesh
 p - 14 strawberries
Scrolls
 e - a scroll of magic mapping {unknown}
 f - 4 scrolls of remove curse {unknown}
 h - 2 scrolls of enchant weapon II {unknown}
 i - 2 scrolls of teleportation {unknown}
 n - a scroll of identify {unknown}
 o - a scroll of enchant armour {unknown}
Potions
 j - a potion of curing {unknown}
 k - a potion of restore abilities {unknown}
 l - a potion of might {unknown}
 q - a potion of slowing {unknown}
 r - 2 potions of blood {unknown}
 t - a potion of flight {unknown}
Books
 b - a Young Poisoner's Handbook

   Spells                             Type                      Level
   *Sting                             Conjuration/Poison           1
   Cure Poison                        Poison                       2
   *Mephitic Cloud                    Conjuration/Poison/Air       3
   Olgreb's Toxic Radiance            Poison                       4
   *Venom Bolt                        Conjuration/Poison           5


   Skills:
 - Level 2.0 Dodging
 - Level 2.6 Stealth
 * Level 4.5 Spellcasting
 - Level 3.8 Conjurations
 + Level 4.8 Poison Magic


You had 5 spell levels left.
You knew the following spells:

 Your Spells              Type           Power        Failure   Level  Hunger
a - Sting                 Conj/Pois      ###.         1%          1    None
b - Mephitic Cloud        Conj/Pois/Air  ###.....     12%         3    ###....
c - Venom Bolt            Conj/Pois      ###.......   63%         5    #####..


Dungeon Overview and Level Annotations

Branches:
Dungeon (4/27)
 Temple: D:4-7

Altars:

Annotations
D:3 Grinder; Juliette's ghost, average GrEE
D:4 Menkaure


Innate Abilities, Weirdness & Mutations

You cannot wear most types of armour.
You are amphibious.
You can wear up to eight rings at the same time.
You can use your tentacles to constrict many enemies at once.
Your skin changes colour to match your surroundings (Stlth).
Your rubbery body absorbs attacks (AC +1).


Message History

Confirm with . or Enter, or press ? or * to list all spells.
Aiming: Sting
Press: ? - help, Shift-Dir - straight line, f - gnoll
Aim: a gnoll (heavily wounded, poisoned)
The sting hits the gnoll.
The gnoll looks even sicker.
You kill the gnoll!
Grinder zaps a wand.
Grinder flickers and vanishes!
Pain shoots through your body! Juliette's ghost hits you.
You suddenly lose the ability to move!
Juliette's ghost hits you. Juliette's ghost casts a spell at you.
The rocky blast hits you!
* * * LOW HITPOINT WARNING * * *
Juliette's ghost gestures at you while chanting.
The rocky blast hits you!
* * * LOW HITPOINT WARNING * * *
Juliette's ghost points at you and mumbles some strange words.
The rocky blast hits you!
You die...

#.. #######.. ###### #........
%....# #.#####.. ####.# #.# #.<
#.########### #.# #..
#.......>...# #.# #..
#...........##########.#####..
...........p@................
...........##########.#######
####..........)##########.#######
....................)%)....).....
####.#########.##########.#######
####.# #######.##########.#######
.......................>.........
.###.# #######.##########.#######
.# #.# #.#


You could see Juliette's ghost.

Vanquished Creatures
  Sigmund (D:3)
  An orc wizard (D:3)
  A hound (D:4)
  Ijyb (D:3)
  Jessica (D:3)
  Terence (D:3)
  3 adders
  4 gnolls (D:3)
  3 worms
  4 giant geckos
  An ooze (D:2)
  13 orcs
  7 bats
  A giant cockroach (D:3)
  6 hobgoblins
  4 jackals (D:2)
  A quokka (D:3)
  2 ball pythons (D:2)
  4 giant newts
  11 goblins
  9 kobolds
  12 rats
91 creatures vanquished.

Notes
Turn   | Place    | Note
--------------------------------------------------------------
     0 | D:1      | JacquesDerrida, the Octopode Venom Mage, began the quest for the Orb.
     0 | D:1      | Reached XP level 1. HP: 11/11 MP: 3/3
   305 | D:1      | Reached XP level 2. HP: 17/17 MP: 2/4
   576 | D:1      | stonewall: Черепушка бегать научилась
   582 | D:1      | JacquesDerrida: Ага
   582 | D:1      | JacquesDerrida: страшна!
   582 | D:1      | JacquesDerrida: Но как гриб-борщевик
   582 | D:1      | JacquesDerrida: Сойдет
   650 | D:1      | Reached skill level 1 in Conjurations
  1165 | D:2      | Reached XP level 3. HP: 21/21 MP: 2/6
  1684 | D:2      | Reached XP level 4. HP: 15/27 MP: 4/8
  1772 | D:2      | Learned a level 3 spell: Mephitic Cloud
  2194 | D:3      | Noticed Sigmund
  2212 | D:3      | Noticed Ijyb
  2235 | D:3      | Killed Ijyb
  2297 | D:3      | Noticed Jessica
  2305 | D:3      | Killed Jessica
  2305 | D:3      | Reached XP level 5. HP: 31/31 MP: 4/10
  2373 | D:3      | Noticed Terence
  2430 | D:3      | Killed Terence
  2590 | D:3      | Killed Sigmund
  2590 | D:3      | Reached XP level 6. HP: 23/36 MP: 1/14
  2693 | D:3      | stonewall: TROVE TIME
  2694 | D:3      | JacquesDerrida: )))
  2713 | D:3      | Noticed Juliette's ghost (average GrEE)
  2971 | D:3      | Learned a level 5 spell: Venom Bolt
  3122 | D:3      | Noticed Grinder
  3224 | D:4      | Noticed Menkaure
  3306 | D:3      | Paralysed by it for 5 turns
  3310 | D:3      | Killed from afar by Juliette's ghost

Action                   |  1- 3 |  4- 6 || total
-------------------------+-------+-------++-------
Melee: Unarmed           |    34 |    12 ||    46
       Dagger            |       |    13 ||    13
 Cast: Sting             |    54 |   134 ||   188
       Mephitic Cloud    |       |     1 ||     1
 Stab: Sleeping          |     4 |       ||     4
